Map: Emerald City LE

Players

NinkaSuka

  • Race: Terran Terran
  • Spawn Location: 11:00

SHOOTNIK

  • Race: Protoss Protoss
  • League: Platinum
  • Spawn Location: 11:00

qqq - Winner!

  • Race: Zerg Zerg
  • Spawn Location: 5:00

Massa - Winner!

  • Race: Terran Terran
  • League: Platinum
  • Spawn Location: 5:00

VOD

Have the link to the VOD?

Description

Time

  • Played on: Feb. 12, 2021, 3:35 p.m.
  • Length: 11:52
Show
View Real Time Build Order
Export as new Build Order

NinkaSuka Terran 

Build Orders:  

Get SALT Encoding   

  12  0:01  SCV  
  13  0:13  SCV  
  14  0:25  SCV  
  15  0:52  Supply Depot  
  15  1:14  SCV  
  16  1:30  SCV  
  16  1:32  Barracks  
  17  1:33  Barracks  
  17  1:36  Barracks  
  17  1:37  Barracks  
  17  1:42  SCV  
  19  1:54  SCV  
  19  2:06  SCV  
  20  2:08  Refinery  
  20  2:12  Supply Depot  
  20  2:21  Marine x2  
  22  2:23  Orbital Command  
  22  2:24  Marine  
  23  2:33  Marine  
  24  2:37  Supply Depot  
  24  2:43  Marine x2  
  24  2:44  Marine  
  26  2:50  SCV  
  28  2:53  Marine  
  29  3:01  Marine x2  
  29  3:02  SCV  
  32  3:11  Engineering Bay  
  32  3:14  SCV, Marine x2  
  30  3:29  Marine x2  
  30  3:32  Marine x2  
  24  3:47  Marine x2  
  25  3:50  Marine x2  
  25  3:53  Factory  
  27  4:03  SCV  
  27  4:05  Marine x2  
  27  4:07  Marine  
  27  4:08  Refinery  
  31  4:15  Marine  
  32  4:23  Marine x2  
  32  4:25  Marine  
  33  4:33  Marine  
  34  4:41  Marine  
  35  4:46  Barracks Tech Lab  
  35  4:49  Factory Tech Lab  
  35  4:53  Terran Infantry Weapons Level 1  
  35  4:57  Marine x2  
  35  4:59  Marine  
  38  5:06  Stimpack  
  38  5:16  Supply Depot  
  38  5:17  Siege Tank  
  38  5:18  Missile Turret  
  38  5:21  Marine x2  
  43  5:34  Marine x2  
  44  5:38  Marine  
  28  5:52  Marine x3  
  28  5:56  Marine  
  30  6:10  Marine x3  
  33  6:14  Marine  
  33  6:37  Marine, Command Center  
  33  6:38  Marine x2  
  33  6:55  Marine x2  
  33  6:56  Marine x2  
  25  7:13  Marine x3  
  25  7:14  Marine  
  25  7:15  Cyclone  
  32  7:31  Marine x3  
  35  7:40  Starport  
  34  8:25  Starport Reactor  
  34  8:26  Siege Tank  
  37  8:35  Terran Infantry Armor Level 1  
  34  8:53  SCV  
  34  8:56  Orbital Command  
  34  9:05  SCV  
  35  9:10  Supply Depot  
  35  9:15  Supply Depot  
  35  9:17  SCV  
  35  9:21  Siege Tank  
  39  9:29  SCV  
  40  9:33  SCV  
  40  9:35  Medivac  
  40  9:37  Barracks Tech Lab  
  43  9:41  SCV  
  43  9:45  SCV  
  44  9:53  SCV  
  44  9:57  SCV  
  41  10:03  Marine x2  
  22  10:21  SCV  
  20  10:34  SCV, Liberator x2  
  27  10:37  Orbital Command  
  27  10:45  Siege Tank  
  27  10:46  Barracks Tech Lab, SCV  
  31  10:58  SCV  
  31  11:03  Barracks Reactor  
  32  11:10  SCV  
  33  11:18  Cyclone  
  36  11:40  Missile Turret  
Show
View Real Time Build Order
Export as new Build Order

SHOOTNIK Protoss 

Build Orders:  

Get SALT Encoding   

  12  0:01  Probe  
  13  0:15  Pylon  
  13  0:19  Probe  
  14  0:34  Gateway  
  14  0:43  Assimilator  
  14  0:44  Probe (Chrono Boost)  
  15  0:54  Probe (Chrono Boost)  
  16  0:59  Probe (Chrono Boost)  
  17  1:13  Probe  
  18  1:22  Pylon  
  18  1:25  Probe  
  19  1:27  Cybernetics Core  
  19  1:37  Probe  
  20  1:40  Gateway  
  20  1:47  Gateway  
  20  1:56  Gateway  
  20  2:03  Zealot (Chrono Boost)  
  22  2:18  Pylon  
  26  2:40  Zealot (Chrono Boost), Stalker (Chrono Boost)  
  26  2:42  Adept (Chrono Boost)  
  30  2:52  Pylon, Zealot (Chrono Boost)  
  30  2:59  Warp Gate (Chrono Boost)  
  30  3:00  Adept  
  32  3:06  Stalker  
  32  3:09  Adept  
  32  3:24  Stalker  
  30  3:38  Adept x2  
  32  4:00  Gateway  
  32  4:09  Pylon  
  30  4:34  Shield Battery  
  24  4:42  Pylon  
  24  4:43  Adept x2  
  24  4:44  Adept x2  
  28  4:53  Gateway  
  28  5:08  Stalker x3  
  28  5:09  Stalker  
  26  5:44  Shield Battery  
  26  5:46  Adept x4  
  20  6:11  Zealot  
  20  6:12  Zealot x3  
  26  6:22  Pylon  
  26  6:44  Adept x2  
  26  6:45  Adept x2  
  32  7:01  Stalker x2  
  20  7:20  Gateway  
  20  7:50  Nexus  
  19  7:59  Stalker x3  
  25  8:09  Adept  
  25  8:37  Zealot x4  
  25  8:38  Zealot  
  35  8:59  Stalker x3  
  37  9:14  Zealot x2  
  41  9:36  Nexus  
  25  10:03  Stalker  
  21  10:33  Stalker  
  21  10:40  Assimilator  
  21  10:43  Stargate  
  21  10:58  Stalker  
  23  11:08  Pylon  
  23  11:14  Forge  
  25  11:38  Nexus  
Show
View Real Time Build Order
Export as new Build Order

qqq Zerg - Winner!

Build Orders: Hatch First 

Get SALT Encoding   

  12  0:00  Drone  
  13  0:09  Drone  
  14  0:19  Overlord  
  14  0:46  Hatchery  
  13  0:51  Drone  
  13  0:55  Drone  
  15  0:58  Drone  
  16  1:06  Drone  
  17  1:24  Extractor, Spawning Pool  
  15  1:28  Drone x2  
  17  1:40  Drone  
  17  1:45  Drone  
  19  1:59  Drone  
  19  2:01  Drone  
  21  2:08  Drone  
  21  2:11  Queen  
  21  2:12  Queen  
  21  2:14  Drone  
  27  2:23  Overlord  
  27  2:31  Metabolic Boost  
  27  2:33  Zergling x2  
  28  2:43  Drone x3  
  31  2:46  Zergling x2  
  31  2:50  Zergling x2  
  33  2:55  Drone  
  34  3:04  Zergling x2  
  34  3:05  Zergling x2, Evolution Chamber  
  34  3:11  Overlord  
  33  3:21  Zergling x2  
  33  3:24  Zergling x6  
  35  3:36  Zergling x6  
  38  3:45  Zerg Melee Weapons Level 1  
  38  3:50  Zergling x4  
  38  3:51  Zergling x4  
  42  3:57  Zergling x2  
  43  4:03  Zergling x2  
  43  4:09  Overlord  
  44  4:15  Hatchery  
  41  4:22  Zergling x6  
  44  4:24  Overlord x2  
  44  4:28  Baneling Nest  
  43  4:35  Zergling x2  
  43  4:36  Zergling x6  
  37  4:43  Zergling x2  
  37  4:44  Zergling x2  
  37  4:53  Zergling x2  
  37  4:55  Zergling x2  
  37  4:58  Zergling x2  
  37  4:59  Zergling x4  
  42  5:12  Zergling x4  
  42  5:13  Zergling x6  
  47  5:17  Lair  
  47  5:25  Baneling  
  47  5:26  Baneling x2  
  47  5:34  Zergling x4  
  47  5:35  Zergling x2  
  41  5:36  Zergling x2  
  41  5:40  Zerg Ground Armor Level 1, Zergling x2  
  37  5:44  Drone  
  37  5:45  Drone  
  39  5:52  Zergling x2  
  40  6:03  Zergling x8  
  42  6:05  Zergling x6  
  45  6:14  Zergling x2  
  45  6:15  Zergling x6  
  45  6:17  Drone  
  49  6:23  Zergling x2  
  50  6:26  Drone x2  
  50  6:27  Drone  
  53  6:33  Baneling x6  
  53  6:34  Baneling  
  53  6:36  Baneling  
  53  6:37  Drone  
  54  6:40  Drone  
  54  6:44  Extractor  
  37  7:01  Zergling x6  
  37  7:02  Zergling x10  
  43  7:13  Zergling x10  
  43  7:14  Zergling x2  
  43  7:15  Drone x2  
  51  7:36  Zergling x4  
  51  7:37  Zergling x4  
  55  7:41  Extractor  
  55  7:42  Drone x2  
  55  7:43  Drone x4  
  60  7:45  Drone  
  61  8:09  Zergling x10  
  66  8:15  Drone x5, Spire  
  70  8:20  Drone x2  
  71  8:36  Drone x2, Zergling x2  
  71  8:38  Overlord x4  
  72  9:00  Zergling x6  
  72  9:01  Zergling x10  
  74  9:11  Drone  
  74  9:15  Queen  
  77  9:22  Zergling x2  
  77  9:23  Drone, Zergling x2  
  77  9:24  Drone x2  
  82  9:27  Hatchery  
  81  9:32  Mutalisk  
  81  9:33  Mutalisk  
  81  9:36  Zerg Flyer Weapons Level 1  
  81  9:38  Hatchery  
  84  9:40  Infestation Pit  
  68  9:54  Zergling x4  
  68  9:55  Zergling x2  
  68  9:56  Zergling x12  
  68  9:57  Zergling x2  
  69  10:01  Mutalisk  
  69  10:06  Extractor  
  70  10:07  Extractor  
  70  10:08  Extractor  
  68  10:14  Mutalisk x2  
  68  10:16  Drone x2, Zergling x2  
  68  10:17  Drone x3  
  78  10:28  Mutalisk  
  78  10:30  Drone x3  
  78  10:31  Overlord  
  82  10:38  Mutalisk  
  84  10:44  Drone x4  
  84  10:45  Drone x3  
  84  10:46  Mutalisk, Overlord x2  
  93  10:55  Drone x2  
  95  11:04  Drone x5  
  97  11:07  Drone x2  
  102  11:24  Extractor  
  101  11:25  Mutalisk x2  
  101  11:26  Mutalisk x2  
  101  11:27  Zergling x6  
  101  11:28  Zergling x4  
  101  11:30  Drone x4, Extractor  
  101  11:32  Overlord x3  
  118  11:40  Drone  
Show
View Real Time Build Order
Export as new Build Order

Massa Terran - Winner!

Build Orders:  

Get SALT Encoding   

  12  0:00  SCV  
  13  0:12  SCV  
  14  0:19  Supply Depot  
  14  0:24  SCV  
  15  0:41  Refinery, SCV  
  16  0:45  Barracks  
  16  0:53  SCV  
  17  1:10  SCV  
  18  1:22  SCV  
  19  1:30  Barracks  
  19  1:33  Barracks  
  19  1:34  Marine  
  19  1:38  Bunker  
  20  1:46  Orbital Command  
  20  1:51  Marine  
  21  2:09  Marine  
  22  2:18  Marine  
  23  2:26  Supply Depot  
  23  2:28  Supply Depot  
  23  2:38  Barracks Tech Lab  
  23  2:47  Marine  
  23  2:48  Factory  
  24  2:52  Marine  
  24  2:57  Stimpack  
  24  2:58  Marine  
  26  3:05  Marine  
  27  3:12  Marine  
  28  3:16  Marauder  
  30  3:23  Marine  
  22  3:44  Bunker  
  22  3:51  Marauder, Marine x2  
  26  3:56  Factory Tech Lab  
  26  4:08  Marine  
  26  4:09  Marine  
  28  4:12  Marauder  
  28  4:17  Bunker  
  28  4:26  Marine x2  
  24  4:34  Marauder  
  26  4:44  Marine  
  26  4:45  Marine  
  28  4:55  Marauder  
  28  4:58  Siege Tank  
  33  5:02  Marine  
  33  5:07  Marine  
  35  5:16  Marauder  
  35  5:19  Combat Shield  
  35  5:20  Marine  
  38  5:24  Marine  
  39  5:29  Supply Depot  
  39  5:30  SCV  
  35  5:38  Marauder  
  35  5:42  SCV  
  31  6:01  Marine x2  
  31  6:02  Marauder  
  31  6:19  Marine x2  
  31  6:23  Marauder  
  35  6:34  Command Center  
  35  6:37  Marine x2  
  37  6:44  Marauder  
  34  6:55  Marine x2  
  34  7:02  Siege Tank  
  34  7:06  Marauder  
  39  7:12  Marine  
  39  7:13  Marine  
  37  7:18  Concussive Shells  
  37  7:27  Marauder  
  39  7:30  Marine  
  39  7:31  Marine  
  41  7:38  SCV  
  41  7:44  Widow Mine  
  44  7:48  Marauder, Marine x2  
  44  7:50  SCV  
  49  8:06  Marine x2  
  49  8:10  Marauder  
  53  8:24  Marine  
  54  8:31  Marauder  
  54  8:32  SCV  
  54  8:34  Orbital Command  
  57  8:42  Refinery  
  57  8:43  Starport  
  57  8:44  Widow Mine, SCV  
  57  8:46  Marine x2  
  62  9:04  Supply Depot x2  
  62  9:07  Supply Depot  
  62  9:25  Marine  
  62  9:26  SCV x2, Marauder  
  62  9:27  Barracks Reactor  
  67  9:32  Barracks  
  67  9:38  SCV x2  
  69  9:43  Marine  
  70  9:47  Marine  
  70  9:50  SCV x2  
  67  10:02  SCV x2  
  54  10:18  Marauder, Marine x3  
  55  10:35  Marine  
  55  10:36  Marine  
  55  10:38  Liberator  
  55  10:39  Marauder, Marine x2  
  64  10:53  Marine  
  64  10:54  Marine  
  64  10:56  Siege Tank  
  69  10:57  Marine  
  69  10:58  SCV x2  
  69  11:00  Marine  
  69  11:02  Refinery  
  69  11:04  Refinery  
  74  11:10  SCV x2  
  76  11:11  Marine x2, Command Center  
  76  11:12  Barracks Reactor  
  77  11:22  SCV x2, Engineering Bay  
  77  11:24  Starport Tech Lab  
  79  11:31  Barracks Tech Lab  
  79  11:33  Marine x2  
  79  11:34  SCV x2  
Tags
 
Add a new tag
Caveats
  • Supply blocks, unpowered buildings, or Contaminate may cause inaccurate times.
  • Supply counts are checked every 10 seconds.